 Dungeon Crawl Stone Soup version 0.24.0-13-gcf9b3192b9 (webtiles) character file.

Game seed: 1282409533709283598, levelgen mode: deterministic

44 Iamsoldier the Vexing (level 3, -2/28 HPs)
             Began as a Gnoll Arcane Marksman on Nov 9, 2019.
             Killed from afar by Natasha (9 damage)
             ... with a magic dart
             ... on level 2 of the Dungeon.
             The game lasted 00:06:38 (1301 turns).

Iamsoldier the Vexing (Gnoll Arcane Marksman)       Turns: 1301, Time: 00:06:38

Health: -2/28      AC:  3    Str: 12    XL:     3   Next: 62%
Magic:  7/7        EV: 20    Int: 15    God:
Gold:   62         SH:  0    Dex: 21    Spells: 6/7 levels left

rFire    . . .     SeeInvis .   b - +0 mace
rCold    . . .     Gourm    .   (no shield)
rNeg     . . .     Faith    .   h - +0 leather armour
rPois    .         Spirit   .   (no helmet)
rElec    .         Reflect  .   (no cloak)
rCorr    .         Harm     .   (no gloves)
MR       .....                  (no boots)
Stlth    +++.......             (no amulet)
HPRegen  0.09/turn              (no ring)
MPRegen  0.10/turn              (no ring)

@: agile, very slightly contaminated, invisible
A: distributed training, fangs 1, strong nose
a: no special abilities


You were on level 2 of the Dungeon.
You were not hungry.

You visited 1 branch of the dungeon, and saw 2 of its levels.

You collected 62 gold pieces.

Inventory:

Hand Weapons
 a - a +0 shortbow
 b - a +0 mace (weapon)
 v - a +0 club
Missiles
 d - 28 arrows
Armour
 e - a +0 robe
 h - a +0 leather armour (worn)
Scrolls
 c - 8 scrolls of identify {unknown}
 i - 3 scrolls of enchant weapon {unknown}
 j - a scroll of remove curse {unknown}
 k - a scroll of fear {unknown}
Comestibles
 f - 2 rations
 g - 5 chunks of flesh


   Skills:
 + Level 2.6 Fighting
 + Level 0.8 Short Blades
 + Level 0.8 Long Blades
 + Level 0.8 Axes
 + Level 0.8 Maces & Flails
 + Level 0.8 Polearms
 + Level 0.8 Staves
 + Level 0.8 Slings
 + Level 4.5 Bows
 + Level 0.8 Crossbows
 + Level 0.8 Throwing
 + Level 0.8 Armour
 + Level 4.5 Dodging
 + Level 0.8 Stealth
 + Level 0.8 Shields
 + Level 0.8 Unarmed Combat
 + Level 2.8 Spellcasting
 + Level 0.5 Conjurations
 + Level 5.4 Hexes
 + Level 0.5 Charms
 + Level 0.5 Summonings
 + Level 0.5 Necromancy
 + Level 0.5 Translocations
 + Level 0.5 Transmutations
 + Level 0.5 Fire Magic
 + Level 0.5 Ice Magic
 + Level 0.5 Air Magic
 + Level 0.5 Earth Magic
 + Level 0.5 Poison Magic
 + Level 1.0 Invocations
 + Level 0.8 Evocations


You had 6 spell levels left.
You knew the following spells:

 Your Spells              Type           Power        Failure   Level  Hunger
a - Corona                Hex            ###....      2%          1    #......

Your spell library contained the following spells:

 Spells                   Type           Power        Failure   Level  Hunger
 Slow                     Hex            ###.....     4%          2    ##.....
 Inner Flame              Hex/Fire       ##......     22%         3    ###....
 Portal Projectile        Hex/Tloc       ##....       22%         3    ###....
 Cause Fear               Hex            ###.......   28%         4    #####..
 Leda's Liquefaction      Hex/Erth       ##........   58%         4    #####..


Dungeon Overview and Level Annotations

Branches:
Dungeon (2/15)

Altars:

Annotations:
D:2 Natasha, Robin


Innate Abilities, Weirdness & Mutations

Your experience applies equally to all skills.
You have very sharp teeth.
Your uncanny sense of smell can sniff out nearby items.


Message History

a +0 club; a goblin corpse x2
The goblin shouts!
You hit Natasha but do no damage. Natasha misses you.
The crimson imp misses you. Natasha claws you.
You closely miss Natasha. The crimson imp closely misses you.
Natasha claws you.
* * * LOW HITPOINT WARNING * * *
You thump Natasha!
Natasha is heavily wounded.
The crimson imp completely misses you.
Natasha wildly gestures.
Natasha shimmers violently.
Natasha barely misses you.
The crimson imp picks up a beetle and eats it.
The crimson imp misses you.
You sock Natasha!
Natasha is almost dead.
Natasha casts a spell at you. The magic dart hits you!
You die...

#......÷...###.....
#........g.# #.##..
#####......÷...# #.....
#......÷....#####PPP.PP
#.(......g.......P.P.P.
#....g5g....####.P.P.P.
######gg.....##
#h####...# #@#.b....#
#.5.##...# ######...#
#....<.# #.##...# #
#...# +.... #...##
#...#


You could see Robin, Natasha, 2 crimson imps, a hobgoblin and 3 goblins.

Vanquished Creatures
  A dart slug (D:1)
  9 bats
  4 giant cockroaches
  4 hobgoblins
  4 frilled lizards
  9 goblins
  3 kobolds (D:1)
  7 rats
41 creatures vanquished.

Notes
Turn   | Place    | Note
-------+----------+-------------------------------------------
     0 | D:1      | Iamsoldier the Gnoll Arcane Marksman began the quest for
                  | the Orb.
     0 | D:1      | Reached XP level 1. HP: 17/17 MP: 4/4
   437 | D:1      | Reached XP level 2. HP: 22/23 MP: 5/5
   882 | D:1      | Reached XP level 3. HP: 28/28 MP: 7/7
  1180 | D:2      | Noticed Robin
  1234 | D:2      | Reached skill level 1 in Invocations
  1262 | D:2      | Noticed Natasha
  1301 | D:2      | Killed from afar by Natasha

Levels and vault maps discovered:
D:1:      dpeg_arrival_rooms_a, layout_loops_ring
D:2:      layout_basic, minmay_hedge_maze, minmay_heptomino_l4, uniq_robin,
          uniq_natasha

Skill      XL: |  1  2  3 |
---------------+----------+-----
Invocations    | 1 |  1.0
Fighting       | |  2.6
Short Blades   | |  0.8
Long Blades    | |  0.8
Axes           | |  0.8
Maces & Flails | |  0.8
Polearms       | |  0.8
Staves         | |  0.8
Slings         | |  0.8
Bows           | |  4.5
Crossbows      | |  0.8
Throwing       | |  0.8
Armour         | |  0.8
Dodging        | |  4.5
Stealth        | |  0.8
Shields        | |  0.8
Unarmed Combat | |  0.8
Spellcasting   | |  2.8
Conjurations   | |  0.5
Hexes          | |  5.4
Charms         | |  0.5
Summonings     | |  0.5
Necromancy     | |  0.5
Translocations | |  0.5
Transmutations | |  0.5
Fire Magic     | |  0.5
Ice Magic      | |  0.5
Air Magic      | |  0.5
Earth Magic    | |  0.5
Poison Magic   | |  0.5
Evocations     | |  0.8

Action                   || total
-------------------------++-------
Melee: Unarmed           ||    16
       Club              ||    23
       Mace              ||    32
       Bite              ||     4
 Fire: Shortbow          ||    63
  Use: Potion            ||     2
 Stab: Invisible         ||     2
  Eat: Chunk             ||     1
Armor: Robe              ||     7
       Leather armour    ||    37
Dodge: Dodged            ||   115
